 Dungeon Crawl Stone Soup version 0.20.1-1-g8b1a95d (webtiles) character file.

255 Blackhawk the Cudgeler (level 5, -4/46 HPs)
             Began as a Draconian Berserker on Sept 23, 2017.
             Was a Believer of Trog.
             Killed from afar by a white imp (6 damage)
             ... with a puff of frost
             ... summoned by Natasha
             ... on level 4 of the Dungeon on Oct 29, 2017.
             The game lasted 00:16:31 (2660 turns).

Blackhawk the Cudgeler (Draconian Berserker)        Turns: 2660, Time: 00:16:34

Health: -4/46      AC:  5    Str: 20    XL:     5   Next: 91%
Magic:  5/5        EV: 13    Int:  7    God:    Trog [**....]
Gold:   80         SH:  0    Dex: 11    Spells: 4/4 levels left

rFire    . . .     SeeInvis .   a - +0 mace
rCold    . . .     Gourm    .   (no shield)
rNeg     . . .     Faith    .   (armour unavailable)
rPois    .         Spirit   .   (helmet restricted)
rElec    .         Reflect  .   (no cloak)
rCorr    .         Harm     .   (no gloves)
MR       .....                  (no boots)
Stlth    +.........             (no amulet)
Regen    0.2/turn               (no ring)
MPRegen  0.1/turn               (no ring)

@: berserk cooldown, slowed, very slow
A: unfitting armour, cold-blooded, AC +5
a: Berserk, Trog's Hand, Burn Spellbooks, Renounce Religion


You were on level 4 of the Dungeon.
You worshipped Trog.
Trog was pleased with you.
You were not hungry.

You visited 1 branch of the dungeon, and saw 5 of its levels.

You collected 80 gold pieces.

Inventory:

Hand Weapons
 a - a +0 mace (weapon)
Missiles
 d - 60 stones (quivered)
 s - 4 javelins of returning
Jewellery
 m - a cursed ring of loudness {unknown}
 y - a +3 amulet of reflection {unknown}
Scrolls
 g - 4 scrolls of remove curse {unknown}
 h - 3 scrolls of recharging {unknown}
 i - a scroll of blinking {unknown}
 k - a scroll of magic mapping {unknown}
 q - 4 scrolls of identify {unknown}
 t - a scroll of teleportation {unknown}
 u - a scroll of random uselessness {unknown}
 v - a scroll of amnesia {unknown}
Potions
 e - a potion of heal wounds {unknown}
 f - a potion of lignification {unknown}
 l - a potion of ambrosia {unknown}
 n - a potion of agility {unknown}
 o - a potion of cancellation {unknown}
 p - 2 potions of flight {unknown}
 r - 2 potions of haste {unknown}
 w - a potion of curing {unknown}
 x - a potion of brilliance {unknown}
Comestibles
 b - 3 bread rations
 c - 2 fruits
 j - a chunk of flesh


   Skills:
 + Level 4.1 Fighting
 + Level 5.3 Maces & Flails
 + Level 4.0 Dodging


You had 4 spell levels left.
You didn't know any spells.

Dungeon Overview and Level Annotations

Branches:
Dungeon (5/15)             Temple (0/1) D:4

Altars:
Ashenzari
Nemelex Xobeh

Annotations:
D:4 Natasha


Innate Abilities, Weirdness & Mutations

Your plain brown scales are hard. (AC +5)
You cannot fit into any form of body armour.
You are cold-blooded and may be slowed by cold attacks.


Message History

Natasha drinks a potion.
Natasha seems to grow stronger.
The white imp disappears for a moment.
The white imp hits you. The white imp freezes you.
You feel as though you will be slow longer.
You hit Natasha.
Natasha is lightly wounded.
The white imp hits you but does no damage.
Natasha stares at you and mumbles some strange words.
The magic dart hits you! The white imp hits you. The white imp freezes you.
You feel as though you will be slow longer.
Natasha claws you!
* * * LOW HITPOINT WARNING * * *
You miss Natasha.
Natasha is lightly wounded.
Natasha claws you.
* * * LOW HITPOINT WARNING * * *
The white imp hits you but does no damage.
The white imp gestures at you. The puff of frost hits you!
You die...

#.####... #........
#.# .## .###........
#.## #............
#..# #.............
##.### ..# ###......#
#...## ...# .........
###..##.#.##..#....##.
#######.#.......##...#
#. #....$).@h# ...# #.
#....##/.5..# ... #
#... #..#### #.. ...#
#. ..#.# ### # .....#
#######.. ..#.#..
............. ...#....
...(.........
..#........)...


You could see Natasha and a white imp.

Vanquished Creatures
  Blork the orc (D:4)
  A hound (D:4)
  Jessica (D:3)
  Natasha (D:4)
  A worker ant (D:4)
  3 adders
  A dart slug (D:2)
  A leopard gecko (D:1)
  A ball python (D:4)
  2 bats
  4 giant cockroaches
  4 goblins
  6 hobgoblins
  6 jackals (D:1)
  6 kobolds
  3 quokkas
  A ball python skeleton (D:4)
  3 frilled lizards (D:1)
  3 rats
49 creatures vanquished.

Notes
Turn   | Place    | Note
-------+----------+-------------------------------------------
     0 | D:1      | Blackhawk the Draconian Berserker began the quest for the Orb.
     0 | D:1      | Reached XP level 1. HP: 19/19 MP: 1/1
    64 | D:1      | Reached XP level 2. HP: 12/26 MP: 2/2
   514 | D:1      | Reached ** piety under Trog
   675 | D:1      | Reached XP level 3. HP: 20/31 MP: 3/3
  1033 | D:3      | Noticed Jessica
  1035 | D:3      | Killed Jessica
  1180 | D:2      | Reached skill level 4 in Maces & Flails
  1180 | D:2      | Reached XP level 4. HP: 40/40 MP: 4/4
  1570 | D:2      | Found a shattered altar of Ashenzari.
  2312 | D:4      | Found a sparkling altar of Nemelex Xobeh.
  2317 | D:5      | Entered Level 5 of the Dungeon
  2352 | D:4      | Found a staircase to the Ecumenical Temple.
  2388 | D:4      | Reached XP level 5. HP: 26/46 MP: 5/5
  2621 | D:4      | Noticed Natasha
  2621 | D:4      | Noticed Blork the orc
  2629 | D:4      | Killed Blork the orc
  2629 | D:4      | Reached skill level 5 in Maces & Flails
  2634 | D:4      | Killed Natasha
  2656 | D:4      | Noticed Natasha
  2660 | D:4      | HP: 2/46 [Natasha (2)]
  2660 | D:4      | Killed from afar by a white imp

Skill      XL: |  1  2  3  4  5 |
---------------+----------------+-----
Dodging        | 3 4 |  4.0
Maces & Flails | 4 5 |  5.3
Fighting       | 4 |  4.1

Action                   |  1- 3 |  4- 6 || total
-------------------------+-------+-------++-------
Melee: Mace              |    78 |    78 ||   156
       Tailslap          |     5 |    10 ||    15
Invok: Berserk           |       |     1 ||     1
 Stab: Sleeping          |       |     1 ||     1
  Eat: Chunk             |     1 |     1 ||     2
       Bread ration      |       |     1 ||     1
Armor: Skin              |    27 |    18 ||    45
Dodge: Dodged            |    60 |    64 ||   124
